 Dungeon Crawl Stone Soup version 0.27-a0-1196-g3e9cee4cb2 (webtiles) character file.

Game seed: 13101868825035911572

87847 Azzok the Severer (level 15, -14/118 (147) HPs)
             Began as a Demonspawn Berserker on May 29, 2021.
             Was the Champion of Trog.
             Killed from afar by an orc sorcerer (28 damage)
             ... with a bolt of negative energy
             ... while paralysed by an orc sorcerer
             ... on level 2 of the Orcish Mines.
             The game lasted 00:41:16 (28396 turns).

Azzok the Severer (Demonspawn Berserker)           Turns: 28396, Time: 00:41:16

HP:   -14/118 (147) AC: 30    Str: 26    XL:     15   Next: 44%
MP:   15/15         EV:  2    Int: 11    God:    Trog [******]
Gold: 3102          SH:  0    Dex: 18    Spells: 14/14 levels left

rFire    + . .     SeeInvis +   b - +2 war axe (elec)
rCold    + . .     Faith    .   e - +0 buckler
rNeg     . . .     Spirit   .   J - +6 chain mail of Ites Poa {rElec rPois Str+4}
rPois    +         Reflect  +   C - +2 helmet {SInv}
rElec    +         Harm     .   z - scarf {rC+ rF+}
rCorr    .         Rampage  .   d - +0 pair of gloves
Will     ++...                  (no boots)
Stlth    ..........             w - amulet of reflection
HPRegen  0.29/turn              L - +6 ring of dexterity
MPRegen  0.14/turn              k - ring of willpower

@: paralysed, berserking (expiring), lethally poisoned (-14 -> -16), sanguine
armoured, heavily drained
A: claws 2, powered by death 2, sanguine armour 3
a: Renounce Religion, Berserk, Trog's Hand, Brothers in Arms


You were on level 2 of the Orcish Mines.
You worshipped Trog.
Trog was exalted by your worship.
You visited 3 branches of the dungeon, and saw 20 of its levels.
You also visited: Ice Cave and Volcano.

You collected 3357 gold pieces.
You spent 255 gold pieces at shops.

Inventory:

Hand Weapons
 a - a +6 war axe of flaming
 b - a +2 war axe of electrocution (weapon)
 s - a +5 broad axe
 D - the +6 arbalest "Damnation" {damnation}
   (You took it off Maurice on level 8 of the Dungeon)
 S - a +5 executioner's axe
Missiles
 E - 174 bolts
Armour
 d - a +0 pair of gloves (worn)
 e - a +0 buckler (worn)
 z - a scarf of resistance (worn)
 C - a +2 helmet of see invisible (worn)
 J - the +6 chain mail of Ites Poa (worn) {rElec rPois Str+4}
   (You found it on level 6 of the Lair of Beasts)

   It affects your strength (+4).
   It insulates you from electricity.
   It protects you from poison.
Jewellery
 f - a ring of flight
 k - a ring of willpower (right hand)
 w - an amulet of reflection (around neck)
 L - a +6 ring of dexterity (left hand)
 R - the amulet "Ylasarrorph" {RegenMP rC+++ rN+++ Str-4 Dex-3}
   (You found it in an ice cave)

   [amulet of magic regeneration]

   It increases your rate of magic regeneration.
   It affects your strength (-4).
   It affects your dexterity (-3).
   It renders you almost immune to cold.
   It renders you almost immune to negative energy.
Wands
 h - a wand of iceblast (27)
 I - a wand of acid (13)
 N - a wand of flame (13)
Scrolls
 l - 4 scrolls of identify
 o - a scroll of brand weapon {unknown}
 p - 10 scrolls of teleportation
 q - 7 scrolls of enchant armour
 u - a scroll of torment {unknown}
 y - 3 scrolls of fog
 B - a scroll of holy word {unknown}
 F - 2 scrolls of enchant weapon
 G - 4 scrolls of fear
 P - a scroll of acquirement {unknown}
 T - a scroll of silence {unknown}
Potions
 c - a potion of magic
 g - 7 potions of heal wounds
 i - 14 potions of curing
 j - 2 potions of cancellation
 m - 8 potions of attraction
 n - 7 potions of lignification
 r - a potion of ambrosia
 t - 8 potions of might
 x - 3 potions of haste
 A - a potion of mutation {!q}
 H - a potion of berserk rage {unknown}
 M - 2 potions of resistance


   Skills:
 - Level 3.0 Fighting
 * Level 20.4 Axes
 + Level 12.1 Crossbows
 - Level 1.7 Armour
 - Level 1.7 Dodging
 - Level 4.0 Shields


You had 14 spell levels left.
You didn't know any spells.
Your spell library was empty.

Dungeon Overview and Level Annotations

Branches:
Dungeon (12/15)            Temple (0/1) D:7            Lair (6/6) D:8
  Swamp (0/4) Lair:4       Spider (0/4) Lair:3        Slime (0/5) Lair:6
    Orc (2/2) D:12            Elf (0/3) Orc:2         IceCv (visited)
Volcano (visited)

Altars:
Ashenzari
Cheibriados
Dithmenos
Hepliaklqana
Kikubaaqudgha
Vehumet
Yredelemnul
The Shining One
Beogh
Jiyva

Shops:
D:2 [   D:10 *   Orc:2 !*!

Portals:
Trove: D:12 (give +7 demon trident)

Annotations:
Lair:6 1 runed translucent door, exclusion: oklob plant


Innate Abilities, Weirdness & Mutations

You have very sharp fingernails.
You regenerate health from kills.
When seriously injured, your bleeding wounds create very thick armour. (AC +12)


Message History

The orc high priest mumbles some strange prayers to Beogh.
The orc sorcerer casts a spell at you. The bolt of negative energy hits you!!
You feel drained. The orc sorcerer completely misses you.
The torturous demonspawn hits you from afar with a +0 halberd!
Your blood congeals into armour.
The orc sorcerer hits you with a +0 dagger.
The orc sorcerer hits you but does no damage.
The orc sorcerer casts a spell at you. The bolt of negative energy hits you!!
You feel drained.
The torturous demonspawn hits you but does no damage.
The ynoxinul gestures.
The orc sorcerer hits you but does no damage.
The orc high priest mumbles some strange prayers to Beogh against you.
Beogh smites you!
The orc sorcerer points at you and mumbles some strange words.
The bolt of fire hits you but does no damage.
The orc sorcerer hits you but does no damage.
The torturous demonspawn hits you from afar with a +0 halberd.
The ynoxinul gestures.
The orc sorcerer gestures wildly while chanting.
The orc sorcerer points at you and mumbles some strange words.
The bolt of negative energy hits you!!
You feel drained.
* * * LOW HITPOINT WARNING * * *
The orc sorcerer hits you but does no damage.
You are poisoned.
The torturous demonspawn hits you but does no damage.
You feel sick.
The orc sorcerer mumbles some strange words.
The orc sorcerer casts a spell at you.
You shrug off the repeated paralysis!
The orc sorcerer casts a spell at you. You resist with almost no effort.
The orc sorcerer hits you but does no damage.
The torturous demonspawn hits you from afar with a +0 halberd.
* * * LOW HITPOINT WARNING * * *
You feel sick.
The orc sorcerer points at you and mumbles some strange words.
The bolt of negative energy hits you!!
You feel drained.
You die...

·······▒▒▒·▒···▒·▒▒▒··▒··········
······▒▒▒·········▒▒▒▒········▒▒·
·····▒▒ ···▒·▒·▒···▒▒▒▒·▒····▒▒·^
····▒▒ ▒···▒▒···▒▒▒▒▒▒·▒·▒···
··▒▒▒ ▒··▒··▒▒))·▒▒ ▒▒···▒·· ··▒
▒··▒▒▒··▒▒·)·▒▒ ▒▒·▒▒▒· ·▒▒ ▒··▒
▒▒··▒▒)▒·▒▒ ▒▒▒ ▒· ▒▒ ···▒▒··▒
▒▒··▒▒))·▒ ▒·▒ ▒▒ )▒▒▒·▒·▒▒·
▒@o▒▒·▒·▒▒▒·▒▒ ▒ ··▒▒▒···▒
▒oo▒▒···▒▒▒···▒ ···▒▒▒···▒▒
46o▒▒···▒▒▒···
▒▒)·▒▒▒···▒▒35o▒▒···▒▒▒··▒
▒▒▒)·▒▒▒···▒▒5▒▒···▒▒▒··▒
·▒▒▒··▒▒▒···▒▒▒···▒▒▒))▒
··▒▒▒·)▒▒))··▒··)·▒▒·)▒▒
···▒▒▒))▒)▒))··)▒·▒··▒▒
·▒··▒▒▒··))·········▒▒


You could see an orc high priest, a torturous demonspawn, a ynoxinul (summoned),
4 orc sorcerers, a red devil (summoned) and 2 ufetubi.

Vanquished Creatures
  Gastronok (D:10)
  Frances (D:12)
  A frost giant (IceCv)
  A dire elephant (Lair:6)
  12 hydras
  A centaur warrior (D:9)
  A catoblepas (Lair:3)
  A merfolk avatar (Lair:6)
  4 death yaks
  3 orc high priests (Orc:2)
  A soul eater (Orc:2)
  2 lindwurms (Volcano)
  2 harpies (Lair:6)
  5 orc knights
  A deep elf pyromancer (D:12)
  3 orc sorcerers
  A cyclops (D:12)
  2 manticores
  7 elephants
  6 black mambas
  A toenail golem (Volcano)
  Maurice (D:8)
  3 molten gargoyles (Volcano)
  A rust devil (Orc:2)
  An ice statue (IceCv)
  A torpor snail (Lair:3)
  The ghost of solarlight the Sneak, a novice FoMo of Makhleb (D:5)
  13 cane toads
  An unseen horror (D:12)
  10 rime drakes
  12 komodo dragons
  Maggie (D:10)
  A red devil (Orc:2)
  An ice devil (Orc:2)
  2 jumping spiders (Lair:3)
  A hellwing (Orc:2)
  2 tyrant leeches (Lair:4)
  A hornet (Lair:6)
  9 trolls
  A wind drake (Lair:6)
  20 blink frogs
  6 polar bears (IceCv)
  4 slime creatures (D:12)
  8 dream sheep
  7 wyverns
  4 wraiths
  6 redbacks (Lair:3)
  84 yaks
  6 basilisks
  A vampire (D:12)
  A ynoxinul (Orc:2)
  A fire elemental (Volcano)
  Grum (D:10)
  A chaos spawn (Orc:2)
  3 swamp worms (Lair:4)
  15 water moccasins
  2 acid dragons
  2 ice beasts
  A black bear (Lair:1)
  35 orc warriors
  10 ogres
  48 wolves
  7 centaurs
  A phantom (D:4)
  2 kobold brigands
  17 bullfrogs
  6 gnoll sergeants
  3 scorpions
  2 earth elementals (Volcano)
  A wyvern zombie (D:6)
  3 killer bees (D:11)
  7 wights
  7 howler monkeys
  5 centaur zombies
  A hound (D:4)
  A jelly (D:8)
  21 orc priests
  4 gnoll shamans
  A bullfrog skeleton (D:5)
  A human skeleton (D:9)
  2 iguanas
  18 orc wizards
  2 hell rats (D:8)
  A killer bee zombie (D:9)
  Robin (D:2)
  A howler monkey zombie (D:9)
  45 gnolls
  4 adders
  A howler monkey skeleton (D:7)
  A white imp (D:8)
  A worm (D:2)
  72 orcs
  2 ball pythons
  4 bats
  9 endoplasms
  3 giant cockroaches
  11 goblins
  7 hobgoblins
  32 jackals
  7 kobolds
  4 quokkas
  2 frilled lizards
  A goblin skeleton (D:9)
  A kobold skeleton (D:9)
  4 rats
712 creatures vanquished.

Vanquished Creatures (collateral kills)
  Snorg (D:10)
  A vampire (D:10)
2 creatures vanquished.

Vanquished Creatures (others)
  2 polar bears (IceCv)
  2 yaks (IceCv)
  4 wolves (IceCv)
  2 fire vortices (Volcano)
  36 fungi
  77 plants
123 creatures vanquished.

Grand Total: 837 creatures vanquished

Notes
Turn   | Place    | Note
-------+----------+-------------------------------------------
     0 | D:1      | Azzok the Demonspawn Berserker began the quest for the Orb.
     0 | D:1      | Reached XP level 1. HP: 18/18 MP: 1/1
   439 | D:1      | Reached skill level 3 in Axes
   733 | D:1      | Identified the Reference Book on Feathery Evil
   929 | D:1      | Gained mutation: When seriously injured, your bleeding
                  | wounds create armour. (AC +12) [demonic ancestry]
   929 | D:1      | Reached XP level 2. HP: 24/24 MP: 2/2
   984 | D:1      | Found a faded altar of an unknown god.
  1312 | D:2      | Reached skill level 1 in Shields
  1321 | D:2      | Reached XP level 3. HP: 24/29 MP: 3/3
  1456 | D:2      | Noticed Robin
  1461 | D:2      | Reached ** piety under Trog
  1469 | D:2      | Killed Robin
  1646 | D:2      | Found a hazy altar of Hepliaklqana.
  1663 | D:2      | Reached XP level 4. HP: 33/35 MP: 4/4
  1773 | D:2      | Found Poeni's Antique Armour Shop.
  2022 | D:2      | Reached skill level 4 in Axes
  2356 | D:3      | Reached *** piety under Trog
  3083 | D:4      | Noticed a scorpion
  3090 | D:4      | Killed a scorpion
  3091 | D:4      | Reached XP level 5. HP: 33/41 MP: 5/5
  3161 | D:4      | Found an ancient bone altar of Kikubaaqudgha.
  3398 | D:4      | Reached skill level 5 in Axes
  3398 | D:4      | Reached XP level 6. HP: 43/47 MP: 6/6
  4194 | D:4      | Gained mutation: When seriously injured, your bleeding
                  | wounds create thick armour. (AC +12) [demonic ancestry]
  4194 | D:4      | Reached XP level 7. HP: 52/52 MP: 7/7
  4215 | D:4      | Reached **** piety under Trog
  4216 | D:4      | Reached skill level 6 in Axes
  4511 | D:4      | Reached skill level 7 in Axes
  5002 | D:5      | Entered Level 5 of the Dungeon
  5035 | D:5      | Noticed a yak
  5036 | D:5      | Noticed a yak
  5036 | D:5      | Noticed a yak
  5036 | D:5      | Noticed a yak
  5037 | D:5      | Noticed a yak
  5043 | D:5      | Killed a yak
  5044 | D:5      | Gained mutation: You have sharp fingernails. [demonic
                  | ancestry]
  5044 | D:5      | Reached XP level 8. HP: 54/58 MP: 8/8
  5045 | D:5      | Reached skill level 8 in Axes
  5050 | D:5      | Reached skill level 9 in Axes
  5217 | D:5      | Found a runed translucent gate.
  5236 | D:5      | Noticed solarlight's ghost (novice FoMo)
  5237 | D:5      | Found a runed translucent gate.
  5237 | D:5      | Found a runed translucent gate.
  5301 | D:5      | Found a snail-covered altar of Cheibriados.
  5989 | D:5      | Killed solarlight's ghost
  5990 | D:5      | Reached skill level 10 in Axes
  5990 | D:5      | Gained mutation: When seriously injured, your bleeding
                  | wounds create very thick armour. (AC +12) [demonic
                  | ancestry]
  5990 | D:5      | Reached XP level 9. HP: 63/63 MP: 9/9
  6133 | D:5      | Identified the +0 scale mail of Untruth {Harm Str+2 Int+4}
  6353 | D:6      | Reached ***** piety under Trog
  6665 | D:6      | Reached skill level 11 in Axes
  7705 | D:7      | Found a staircase to the Ecumenical Temple.
  8256 | D:7      | Identified the +9 rapier "Silizoz" {antimagic, Contam rElec
                  | rCorr Int+4}
  8296 | D:8      | Noticed Maurice
  8311 | D:8      | Paralysed by Maurice for 4 turns
  8398 | D:8      | Reached skill level 12 in Axes
  8467 | D:8      | Noticed a death yak
  8468 | D:8      | Noticed a death yak
  8543 | D:8      | Killed a death yak
  8544 | D:8      | Gained mutation: You regenerate a little health from kills.
                  | [demonic ancestry]
  8544 | D:8      | Reached XP level 10. HP: 61/70 MP: 10/10
  8553 | D:8      | Killed a death yak
  8561 | D:8      | Paralysed by something for 2 turns
  8569 | D:8      | HP: 2/64 [hell rat (2)]
  8971 | D:8      | Found a radiant altar of Vehumet.
  9006 | D:8      | Reached skill level 13 in Axes
  9144 | D:8      | Noticed a death yak
  9175 | D:8      | Killed a death yak
  9332 | D:8      | Found a staircase to the Lair.
  9425 | D:8      | Killed Maurice
  9426 | D:8      | Reached skill level 14 in Axes
 10168 | D:9      | Noticed a centaur warrior
 10387 | D:8      | Reached skill level 1 in Crossbows
 11039 | D:9      | Killed a centaur warrior
 11040 | D:9      | Reached XP level 11. HP: 55/75 MP: 11/11
 11357 | D:9      | Found a broken altar of Ashenzari.
 11366 | D:9      | Received a gift from Trog
 11557 | D:9      | Found a hazy altar of Hepliaklqana.
 12002 | D:9      | Found a shadowy altar of Dithmenos.
 12185 | D:9      | Found a runed translucent door.
 12189 | D:9      | Found a basalt altar of Yredelemnul.
 12228 | D:10     | Entered Level 10 of the Dungeon
 12255 | D:10     | Noticed Snorg
 12260 | D:10     | Killed Snorg
 12291 | D:10     | Noticed Gastronok
 12308 | D:10     | Killed Gastronok
 12309 | D:10     | Reached skill level 15 in Axes
 12682 | D:10     | Found Heffarr's Assorted Antiques.
 12690 | D:10     | Bought a scroll labelled SOKHLY JIUNO for 30 gold pieces
 12690 | D:10     | Bought a scroll of enchant weapon for 225 gold pieces
 12781 | D:10     | Noticed Grum
 12791 | D:10     | Killed Grum
 13228 | D:10     | Noticed Maggie
 13236 | D:10     | Killed Maggie
 13380 | D:11     | Reached skill level 5 in Crossbows
 14101 | D:11     | Gained mutation: You regenerate health from kills. [demonic
                  | ancestry]
 14101 | D:11     | Reached XP level 12. HP: 81/81 MP: 12/12
 14101 | D:11     | Received a gift from Trog
 14810 | D:12     | Reached skill level 16 in Axes
 15085 | D:12     | Found a portal to a secret trove of treasure.
 15503 | D:12     | Noticed a seven-headed hydra
 15511 | D:12     | Killed a two-headed hydra
 15783 | D:12     | Noticed Frances
 15794 | D:12     | Killed Frances
 15900 | D:12     | Found a staircase to the Orcish Mines.
 16089 | Lair:1   | Entered Level 1 of the Lair of Beasts
 16098 | Lair:1   | Noticed an eight-headed hydra
 16109 | Lair:1   | Killed a three-headed hydra
 16372 | Lair:1   | Reached skill level 17 in Axes
 16454 | Lair:1   | Noticed an eight-headed hydra
 16466 | Lair:1   | Killed a four-headed hydra
 16756 | Lair:1   | Reached XP level 13. HP: 60/86 MP: 13/13
 17642 | Lair:2   | You fall into a shaft and drop 1 floor!
 17684 | Lair:2   | Found a frozen archway.
 17795 | IceCv    | Entered an ice cave
 18713 | IceCv    | Noticed a frost giant
 18748 | IceCv    | Killed a frost giant
 18749 | IceCv    | Reached skill level 18 in Axes
 18767 | IceCv    | Received a gift from Trog
 18803 | IceCv    | Identified the amulet "Ylasarrorph" {RegenMP rC+++ rN+++
                  | Str-4 Dex-3}
 20611 | Lair:3   | Reached skill level 10 in Crossbows
 20611 | Lair:3   | Reached XP level 14. HP: 79/93 MP: 14/14
 20733 | Lair:3   | Reached ****** piety under Trog
 20865 | Lair:3   | Found a hole to the Spider Nest.
 21218 | Lair:3   | Received a gift from Trog
 22029 | Lair:4   | Reached skill level 19 in Axes
 22088 | Lair:4   | Found a dark tunnel.
 22159 | Volcano  | Entered a volcano
 23915 | Lair:4   | Found a staircase to the Swamp.
 24802 | Lair:6   | Entered Level 6 of the Lair of Beasts
 25112 | Lair:6   | Received a gift from Trog
 25210 | Lair:6   | Found a runed translucent door.
 25211 | Lair:6   | Found a viscous altar of Jiyva.
 25211 | Lair:6   | Noticed an acid blob
 25217 | Lair:6   | Noticed an acid blob
 25224 | Lair:6   | Noticed an acid blob
 25229 | Lair:6   | Found a staircase to the Slime Pits.
 25386 | Lair:6   | Gained mutation: You have very sharp fingernails. [demonic
                  | ancestry]
 25386 | Lair:6   | Reached XP level 15. HP: 98/98 MP: 15/15
 25395 | Lair:6   | Paralysed by a hornet for 3 turns
 25860 | Lair:6   | Reached skill level 20 in Axes
 26202 | Lair:6   | Identified the +6 chain mail of Ites Poa {rElec rPois
                  | Str+4}
 26719 | Orc:1    | Entered Level 1 of the Orcish Mines
 27136 | Orc:2    | Entered Level 2 of the Orcish Mines
 27261 | Orc:2    | Found Woloupaf's Distillery.
 27483 | Orc:2    | Found a staircase to the Elven Halls.
 27704 | Orc:2    | Received a gift from Trog
 27707 | Orc:2    | Found Juriaj's Distillery.
 27713 | Orc:2    | Found Ufutuhig's General Store.
 28389 | Orc:2    | Paralysed by an orc sorcerer for 7 turns
 28396 | Orc:2    | Killed from afar by an orc sorcerer

Illustrated notes

Levels and vault maps discovered:
D:1:      minmay_arrival_stone_box, layout_basic,
          shapermc_ecumenical_altar_mp_vishouse, nrook_uturn
D:2:      layout_basic, basic_altar, serial_shops, nicolae_shop_behind_doors,
          uniq_robin
D:3:      layout_basic, minmay_misc_feat_chi
D:4:      lemuel_castle_with_subvaults [lemuel_castle_interior_carwin_1],
          layout_loops_cross, old_standard_altar, chequers_mini_garden
D:5:      layout_layer_cave, cheibriados_altar_1, lemuel_doored_altar,
          biasface_ghost_orc_armoury
D:6:      layout_gridville, ebering_dispersal_statue_hall
D:7:      layout_loops_ring, nicolae_overflow_hidden_temple,
          minmay_temple_entry_offerings
D:8:      layout_loops_ring, fiery_altar_vehumet, dpeg_lair_monsters,
          uniq_maurice
D:9:      minmay_spotlight, layout_small_grid, marbit_many_paths,
          amcnicky_altar_gilded, kennysheep_little_box, dk_yredelemnul_ordeal,
          serial_glass, glass_columns_c, glass_columns_a
D:10:     layout_basic, serial_shops, shop_statue, minivault_1, uniq_gastronok,
          uniq_maggie, uniq_snorg, uniq_grum
D:11:     layout_basic, minivault_16
D:12:     layout_roguey, kennysheep_orc_monster_closet_entryway, enter_trove_3,
          uniq_frances
Lair:1:   cheibrodos_lair_river_kwai, layout_regular_city
Lair:2:   layout_cave_pods, portal_ice_cave_rime
Lair:3:   layout_loops_ring, nicolae_spider_entry_tight_spaces,
          grunt_megastairs_2
Lair:4:   layout_cave_shapes, palyth_hydra_swamp_entry, enter_volcano_4,
          chequers_serial_rivers_marsh, patterned_corridor
Lair:5:   layout_loops_ring
Lair:6:   gammafunk_lair_ancient_temple, layout_loops_ring, slime_altar_2,
          infiniplex_staircase_pool
Orc:1:    layout_diamond_mine
Orc:2:    pf_orc_diabolical, layout_caves, serial_shops, nicolae_shop_waterfront

Skill      XL: |  1  2  3  4  5  6  7  8  9 10 11 12 13 14 15 |
---------------+----------------------------------------------+-----
Axes           | 3 4 5 7 10 12 14 15 17 18 19 20 | 20.4
Shields        | 1 2 3 4 |  4.0
Crossbows      | 2 5 8 10 11 12 | 12.1
Fighting       | |  3.0
Armour         | |  1.7
Dodging        | |  1.7

Action                   |  1- 3 |  4- 6 |  7- 9 | 10-12 | 13-15 || total
-------------------------+-------+-------+-------+-------+-------++-------
Melee: Hand axe          |    66 |       |       |       |       ||    66
       Dagger            |    20 |   165 |       |       |       ||   185
       War axe           |       |    59 |   241 |   513 |  1207 ||  2020
 Fire: Arbalest          |       |       |       |       |    16 ||    16
Invok: Berserk           |     2 |     2 |     6 |    14 |    14 ||    38
       Trog's Hand       |       |       |     1 |     2 |     2 ||     5
       Brothers in Arms  |       |       |       |     1 |       ||     1
Evoke: Wand              |       |       |       |       |     1 ||     1
  Use: Scroll            |       |     8 |     6 |    10 |     2 ||    26
       Potion            |       |       |       |     1 |       ||     1
 Stab: Sleeping          |     2 |       |       |       |       ||     2
Armor: Skin              |     6 |       |       |       |       ||     6
       Animal skin       |     1 |       |       |       |       ||     1
       Scale mail        |    26 |    83 |       |       |       ||   109
       Chain mail        |       |    49 |    90 |       |    76 ||   215
       Plate armour      |       |       |    55 |   260 |   380 ||   695
Dodge: Dodged            |    50 |   101 |    72 |    97 |   265 ||   585
Block: Buckler           |    12 |    50 |    55 |   189 |   488 ||   794
       Reflection        |       |       |       |       |     2 ||     2

Table legend: (Time is in decaauts)
 A = Elapsed time spent in this place.
 B = Non-inter-level travel time spent in this place.
 C = Inter-level travel time spent in this place.
 D = Time resting spent in this place.
 E = Time spent auto-exploring this place.
 F = Levels seen in this place.
 G = Mean time per level.
                   A        B        C        D        E       F      G
               +--------+--------+--------+--------+--------+-----+--------+
         Total |  28357 |  27092 |   1265 |   4848 |  17595 |  22 | 1289.0 |
       Dungeon |  16359 |  15416 |    943 |   2424 |  10802 |  12 | 1363.2 |
          Lair |   8568 |   8297 |    271 |    966 |   5849 |   6 | 1428.0 |
  Orcish Mines |   1613 |   1563 |     50 |    416 |    750 |   2 |  806.5 |
      Ice Cave |   1071 |   1071 |      0 |    500 |    192 |   1 | 1071.0 |
       Volcano |    744 |    744 |      0 |    542 |      0 |   1 |  744.0 |
               +--------+--------+--------+--------+--------+-----+--------+

Top non-repeatable levels by time:
     D:8: 2522 daAuts
     D:4: 2087 daAuts
  Lair:2: 1602 daAuts
  Lair:1: 1587 daAuts
  Lair:6: 1551 daAuts
  Lair:3: 1472 daAuts
  Lair:4: 1422 daAuts
    D:11: 1398 daAuts
    D:12: 1396 daAuts
     D:1: 1305 daAuts
     D:9: 1204 daAuts
     D:5: 1201 daAuts
     D:6: 1176 daAuts
    D:10: 1156 daAuts
   Orc:2: 1084 daAuts
